 Dungeon Crawl Stone Soup version 0.23-a0-326-gb49dddc804 (webtiles) character file.

2705 Napalmbreeze the Chiller (level 9, 0/71 HPs)
             Began as a Barachi Ice Elementalist on Oct 16, 2018.
             Was a Believer of Sif Muna.
             Engulfed by a cloud of freezing vapour (27 damage)
             ... on level 8 of the Dungeon.
             The game lasted 00:24:56 (10602 turns).

Napalmbreeze the Chiller (BaIE)                    Turns: 10602, Time: 00:24:57

Health: 0/71       AC:  7    Str: 10    XL:     9   Next: 65%
Magic:  2/18       EV: 15    Int: 18    God:    Sif Muna [**....]
Gold:   296        SH:  4    Dex: 13    Spells: 11/20 levels left

rFire    + . .     SeeInvis .   y - +4 quarterstaff (chaos)
rCold    x . .     Gourm    .   (shield currently unavailable)
rNeg     . . .     Faith    .   a - +0 robe
rPois    .         Spirit   .   P - +2 helmet
rElec    .         Reflect  +   z - +0 cloak
rCorr    .         Harm     .   (no gloves)
MR       .....                  G - +0 pair of boots
Stlth    ++........             J - +4 amulet of reflection
HPRegen  0.21/turn              o - ring of wizardry
MPRegen  0.16/turn              R - ring of fire

@: can't hop, slow
A: +LOS, swims, slowness 1, strong legs 1
a: Hop, Divine Energy, Renounce Religion


You were on level 8 of the Dungeon.
You worshipped Sif Muna.
Sif Muna was pleased with you.
You were near starving.

You visited 2 branches of the dungeon, and saw 10 of its levels.

You collected 296 gold pieces.

Inventory:

Hand Weapons
 y - a +4 quarterstaff of chaos (weapon)
Missiles
 e - 47 poisoned needles
 h - 4 silver tomahawks (quivered)
 j - 4 tomahawks of returning
Armour
 a - a +0 robe (worn)
 v - a +0 buckler
 z - a +0 cloak (worn)
 G - a +0 pair of boots (worn)
 P - a +2 helmet (worn)
Jewellery
 o - a ring of wizardry (left hand)
 A - an uncursed amulet of magic regeneration
 J - a +4 amulet of reflection (around neck)
 R - a ring of fire (right hand)
Wands
 u - a wand of flame (40)
 x - a wand of clouds (4)
 F - a wand of acid (7)
 I - a wand of iceblast (9)
 O - a wand of random effects (33)
Scrolls
 d - a scroll of identify
 f - a scroll of amnesia
 g - 2 scrolls of fog
 i - 10 scrolls of remove curse
 k - 3 scrolls of immolation
 s - 3 scrolls of teleportation
 w - 3 scrolls of magic mapping
 B - 2 scrolls of enchant armour
 K - a scroll of fear
 M - a scroll of brand weapon
Potions
 b - 3 potions of agility
 n - 4 potions of flight
 p - a potion of resistance
 q - a potion of might
 r - a potion of mutation
 t - a potion of haste
 C - a potion of heal wounds {unknown}
 D - 3 potions of berserk rage {unknown}
 H - a potion of curing
Comestibles
 c - 18 rations


   Skills:
 + Level 6.7 Fighting
 - Level 3.0 Staves
 + Level 6.5 Dodging
 - Level 1.7 Stealth
 + Level 6.0 Spellcasting
 - Level 1.1 Conjurations
 + Level 6.1 Summonings
 + Level 7.7 Ice Magic


You had 11 spell levels left.
You knew the following spells:

 Your Spells              Type           Power        Failure   Level  Hunger
a - Freeze                Ice            ####         1%          1    None
s - Throw Icicle          Conj/Ice       ###.....     8%          4    ####...
w - Summon Ice Beast      Ice/Summ       ####....     2%          4    ####...

Your spell library contained the following spells:

 Spells                   Type           Power        Failure   Level  Hunger
 Throw Frost              Conj/Ice       ###...       1%          2    None
 Ozocubu's Armour         Chrm/Ice       ###.....     3%          3    ##.....


Dungeon Overview and Level Annotations

Branches:
Dungeon (9/15)             Temple (1/1) D:4
   Lair: D:8-11         Orc: D:9-12

Altars:
Cheibriados
Dithmenos
Elyvilon
Fedhas
Gozag
Hepliaklqana
Kikubaaqudgha
Makhleb
Nemelex Xobeh
Okawaru
Qazlal
Ru
Sif Muna
Trog
Uskayaw
Vehumet
Wu Jian
Xom
Yredelemnul
Zin
The Shining One


Innate Abilities, Weirdness & Mutations

Shadows flee at your approach. (+LOS)
You can swim through water.
You cover ground slowly.
You can hop short distances.


Message History

You swap places.
Your ice beast barely misses something.
Something completely misses you. Something bites you.
Something draws strength from your injuries!
Evoke which item? (* to show all) (? for menu, Esc to quit)
Aiming: Cloud Cone
Press: ? - help, Dir - move target cursor, f - ice beast
Aim: an ice beast (friendly, summoned) Really cloud your ice beast?
You create a blast of freezing vapour!
Your ice beast barely misses something.
The orc is engulfed in freezing vapours.
You kill the orc!
Sif Muna accepts your kill. Something hits you! You block something's attack.
Unknown command.
Hop to where?
Press: ? - help, Dir - move target cursor, p - ice beast Really hop into that cloud of freezing vapour?
Boing!
You are engulfed in freezing vapours.
You die...

. #.# #.#.#.##.# #.# .
#.###.#.#.##.# #.# .
#.....#.#.##.# #.#
.####.#.###.#.##.# #.#
......#.#<#.#.##.# #.#
##........#.#.##.# #.#
............#.##.#### #####.#
##......)####.##.#[(####).##.#
#............##@#".+..+..##.#
#.......#######§##'#..#'###.#
##.......# #Y§.......# #.#
.......### #.#§......# #.#
######## #.##'#..#+###.#
#.#.('..'.)#..#
###..####.)#### #### ####


You could see a friendly ice beast.

Vanquished Creatures
  A two-headed ogre (D:8)
  A hippogriff (D:5)
  A yak (D:9)
  A black bear (D:5)
  2 phantoms
  2 bullfrogs (D:7)
  A jelly (D:6)
  5 howler monkeys
  2 crimson imps (D:6)
  A quasit (D:8)
  A hound (D:6)
  Natasha (thrice) (D:4)
  3 worker ants
  An orc wizard (D:8)
  A hound skeleton (D:4)
  A worker ant zombie (D:7)
  4 adders
  3 shadow imps
  A worm (D:2)
  A dart slug (D:2)
  4 leopard geckos
  4 orcs
  12 bats
  9 giant cockroaches
  9 goblins
  10 hobgoblins
  2 jackals (D:1)
  6 kobolds
  A quokka (D:9)
  7 frilled lizards
  A quokka skeleton (D:6)
  4 rats
105 creatures vanquished.

Vanquished Creatures (collateral kills)
  Joseph (D:7)
  Sigmund (D:4)
  A hungry ghost (D:6)
  4 ogres
  An orc warrior (D:4)
  An ice beast (D:5)
  A hornet zombie (D:6)
  A black bear (D:8)
  2 centaurs
  Blork the orc (D:4)
  A bullfrog (D:7)
  A crimson imp (D:7)
  Crazy Yiuf (D:3)
  2 orc priests
  A worker ant (D:4)
  2 iguanas (D:5)
  An orc wizard (D:8)
  3 gnolls (D:8)
  7 adders
  A shadow imp (D:5)
  An ooze (D:5)
  16 orcs
  A giant cockroach (D:3)
  3 jackals (D:5)
  A quokka (D:5)
  A ball python (D:6)
  2 frilled lizards
59 creatures vanquished.

Vanquished Creatures (others)
  A jackal (D:5)
1 creature vanquished.

Grand Total: 165 creatures vanquished

Notes
Turn   | Place    | Note
-------+----------+-------------------------------------------
     0 | D:1      | Napalmbreeze the Barachi Ice Elementalist began the quest
                  | for the Orb.
     0 | D:1      | Reached XP level 1. HP: 13/13 MP: 3/3
   133 | D:1      | Reached XP level 2. HP: 14/20 MP: 1/5
   245 | D:1      | Reached skill level 1 in Fighting
   881 | D:1      | Reached XP level 3. HP: 18/26 MP: 6/6
   883 | D:1      | Reached skill level 4 in Ice Magic
  1746 | D:2      | Reached XP level 4. HP: 32/33 MP: 4/8
  2082 | D:2      | Learned a level 4 spell: Summon Ice Beast
  2826 | D:3      | Found a runed door.
  2871 | D:3      | Noticed Crazy Yiuf
  2878 | D:3      | Killed Crazy Yiuf
  2878 | D:3      | Reached skill level 1 in Summonings
  2878 | D:3      | Reached XP level 5. HP: 39/39 MP: 5/9
  3172 | D:4      | Noticed Natasha
  3177 | D:4      | Killed Natasha
  3199 | D:4      | Noticed Natasha
  3206 | D:4      | Killed Natasha
  3370 | D:4      | Noticed an orc warrior
  3505 | D:4      | Killed an orc warrior
  3505 | D:4      | Reached skill level 1 in Staves
  3505 | D:4      | Reached XP level 6. HP: 23/47 MP: 3/11
  3630 | D:4      | Noticed Natasha
  3645 | D:4      | Killed Natasha
  3658 | D:4      | Learned a level 4 spell: Throw Icicle
  3812 | D:4      | Noticed Sigmund
  3826 | D:4      | Killed Sigmund
  3826 | D:4      | Reached skill level 5 in Ice Magic
  4091 | D:4      | Noticed Blork the orc
  4098 | D:4      | Killed Blork the orc
  4098 | D:4      | Reached XP level 7. HP: 48/52 MP: 3/12
  4741 | D:4      | Found a sparkling altar of Nemelex Xobeh.
  4923 | D:4      | Found a staircase to the Ecumenical Temple.
  4969 | Temple   | Entered the Ecumenical Temple
  5026 | Temple   | Became a worshipper of Sif Muna the Loreminder
  5173 | D:5      | Entered Level 5 of the Dungeon
  5363 | D:5      | Noticed a hippogriff
  5382 | D:5      | Killed a hippogriff
  6114 | D:5      | Reached XP level 8. HP: 61/61 MP: 5/14
  6481 | D:5      | Found a white marble altar of Elyvilon.
  6860 | D:6      | Reached skill level 6 in Ice Magic
  7287 | D:6      | Reached skill level 5 in Dodging
  7304 | D:6      | Reached * piety under Sif Muna
  7319 | D:6      | HP: 1/61 [hornet zombie (14)]
  7342 | D:6      | Reached skill level 5 in Fighting
  8436 | D:7      | Reached skill level 5 in Spellcasting
  8717 | D:7      | Reached XP level 9. HP: 69/69 MP: 7/16
  8726 | D:7      | Reached skill level 5 in Summonings
  8801 | D:7      | Reached skill level 7 in Ice Magic
  9036 | D:7      | Noticed Joseph
  9055 | D:7      | Killed Joseph
  9128 | D:7      | Reached ** piety under Sif Muna
 10077 | D:8      | Noticed a two-headed ogre
 10096 | D:8      | Killed a two-headed ogre
 10602 | D:8      | Engulfed by a cloud of freezing vapour

Vault maps used:
D:1:      minmay_arrival_four_houses
D:2:      first_ration
D:3:      uniq_crazy_yiuf_cottage
D:4:      minmay_temple_entry_enclosed_plants, nemelex_spade_bored_becter,
          uniq_blork_the_orc, uniq_sigmund, uniq_natasha
D:5:      kennysheep_little_box
D:6:      minmay_misc_feat_chi
D:7:      uniq_joseph
D:8:      minivault_10, uniq_harold, uniq_prince_ribbit1, uniq_maurice
D:9:      grunt_ogre_cave, nrook_loot_triangle
Temple:   compressed_dpeg_circular_temple

Skill      XL: |  1  2  3  4  5  6  7  8  9 |
---------------+----------------------------+-----
Fighting       | 1 2 3 4 5 6 |  6.7
Ice Magic      | 4 5 6 7 |  7.7
Dodging        | 3 4 5 6 |  6.5
Spellcasting   | 3 4 5 6 |  6.0
Summonings     | 1 2 3 4 6 |  6.1
Staves         | 1 2 3 |  3.0
Stealth        | |  1.7
Conjurations   | |  1.1

Action                   |  1- 3 |  4- 6 |  7- 9 || total
-------------------------+-------+-------+-------++-------
Melee: Short sword       |    56 |       |       ||    56
       Whip              |    14 |    53 |       ||    67
       Quarterstaff      |       |    35 |   144 ||   179
Throw: Tomahawk          |    40 |    25 |       ||    65
 Cast: Freeze            |    29 |     9 |    11 ||    49
       Summon Ice Beast  |       |    10 |    57 ||    67
       Throw Icicle      |       |       |     7 ||     7
 Abil: Hop               |       |       |     4 ||     4
Evoke: Wand              |       |       |     3 ||     3
  Use: Scroll            |       |    14 |     6 ||    20
       Potion            |       |       |     3 ||     3
 Stab: Sleeping          |     2 |     1 |     5 ||     8
  Eat: Chunk             |     2 |    12 |    28 ||    42
       Ration            |       |       |     1 ||     1
Armor: Robe              |    25 |    13 |    31 ||    69
Dodge: Dodged            |    94 |   107 |   148 ||   349
Block: Other             |       |       |    13 ||    13
       Reflection        |       |       |     2 ||     2

Table legend:
 A = Non-vault XP
 B = Vault XP
 C = Vault XP percentage of total XP
 D = Non-vault monster count
 E = Vault monster count
 F = Vault count percentage of total count
                 A         B        C        D         E       F
            +---------+---------+-------+---------+---------+-------
      Total |    3366 |     499 |  12.9 |     159 |       5 |   3.0
            +---------+---------+-------+---------+---------+-------
        D:1 |      45 |       0 |   0.0 |      27 |       0 |   0.0
        D:2 |      55 |       0 |   0.0 |      16 |       0 |   0.0
        D:3 |      61 |      21 |  25.6 |      26 |       1 |   3.7
        D:4 |     291 |     233 |  44.5 |      17 |       3 |  15.0
        D:5 |     566 |       0 |   0.0 |      20 |       0 |   0.0
        D:6 |     642 |       0 |   0.0 |      16 |       0 |   0.0
        D:7 |     711 |     245 |  25.6 |      18 |       1 |   5.3
        D:8 |     791 |       0 |   0.0 |      17 |       0 |   0.0
        D:9 |     204 |       0 |   0.0 |       2 |       0 |   0.0
            +---------+---------+-------+---------+---------+-------
